| TOP OF THE 1ST |
|
Dayton Dragons batting - Pitching for Kane County Cougars : RHP Jai-guo Xia
|
|
Pitching: RHP Jai-guo Xia
|
|
|
Batting: LHB Matt Kennedy
|
0-0: Ball 1-0: Foul Ball, location: 2F 1-1: Called Strike 1-2: Ball 2-2: Foul Ball, location: 2F 2-2: Strikes out swinging
|
|
Batting: LHB Leo Gomez
|
0-0: Called Strike 0-1: Foul Ball, location: 2F 0-2: Ball 1-2: TRIPLE (Line Drive, 89XD, EV 108.1 MPH)
|
|
Batting: RHB Andy Bachman
|
0-0: Swinging Strike 0-1: Foul Ball, location: 2F 0-2: Strikes out swinging
|
|
Batting: RHB Mark Williams
|
0-0: Called Strike 0-1: Ball 1-1: Foul Ball, location: 2F 1-2: Foul Ball, location: 2F 1-2: Ball 2-2: Reached on error, E1 (Groundball, 15, EV 63.8 MPH) Leo Gomez scores
|
|
Batting: RHB Chris Zamora
|
0-0: Swinging Strike 0-1: Ball 1-1: Ball 2-1: Foul Ball, location: 2F 2-2: Ball 3-2: Strikes out swinging
|
| Top of the 1st over - 1 run, 1 hit, 1 error, 1 left on base; Dayton 1 - Kane County 0 |
| BOTTOM OF THE 1ST |
|
Kane County Cougars batting - Pitching for Dayton Dragons : LHP Juan Garcia
|
|
Pitching: LHP Juan Garcia
|
|
|
Batting: RHB Francisco Gutierrez
|
0-0: Ground out 6-3 (Groundball, 6, EV 88.1 MPH)
|
|
Batting: SHB Blaine Peters
|
0-0: Fly out, F9 (Flyball, 9, EV 96.2 MPH)
|
|
Batting: LHB J.P. Olson
|
0-0: Ball 1-0: Swinging Strike 1-1: Foul Ball, location: 2F 1-2: Ground out 4-3 (Groundball, 34, EV 91.2 MPH)
|
| Bottom of the 1st over - 0 runs, 0 hits, 0 errors, 0 left on base; Dayton 1 - Kane County 0 |
| TOP OF THE 2ND |
|
Dayton Dragons batting - Pitching for Kane County Cougars : RHP Jai-guo Xia
|
|
Batting: LHB Ray Walden
|
0-0: Called Strike 0-1: Foul Ball, location: 2F 0-2: Foul Ball, location: 2F 0-2: Ground out 1-3 (Groundball, 34S, EV 68.8 MPH)
|
|
Batting: RHB Juan Zamora
|
0-0: Called Strike 0-1: DOUBLE (Line Drive, 9LM, EV 107.5 MPH)
|
|
Batting: RHB Ernie Maldonado
|
0-0: Called Strike 0-1: Ball 1-1: Hit by Pitch
|
|
Batting: LHB Gabe Morales
|
0-0: Called Strike Juan Zamora is caught stealing 3rd base 2-5 0-1: Ground out 4-3 (Groundball, 34, EV 86.2 MPH)
|
| Top of the 2nd over - 0 runs, 1 hit, 0 errors, 1 left on base; Dayton 1 - Kane County 0 |
| BOTTOM OF THE 2ND |
|
Kane County Cougars batting - Pitching for Dayton Dragons : LHP Juan Garcia
|
|
Batting: RHB Chad Mendoza
|
0-0: Ball 1-0: Ball 2-0: Ground out 6-3 (Groundball, 6, EV 95.0 MPH)
|
|
Batting: RHB Longfellow Wetzler
|
0-0: Called Strike 0-1: Foul Ball, location: 2F 0-2: Ball 1-2: Strikes out swinging
|
|
Batting: RHB D.J. Cooke
|
0-0: Ball 1-0: Ball 2-0: Ball 3-0: Base on Balls
|
|
Batting: RHB Dustin Legault
|
0-0: Fly out, F9 (Flyball, 89S, EV 93.8 MPH)
|
| Bottom of the 2nd over - 0 runs, 0 hits, 0 errors, 1 left on base; Dayton 1 - Kane County 0 |
| TOP OF THE 3RD |
|
Dayton Dragons batting - Pitching for Kane County Cougars : RHP Jai-guo Xia
|
|
Batting: LHB Matt Kennedy
|
0-0: Swinging Strike 0-1: Ball 1-1: Swinging Strike 1-2: Ball 2-2: Foul Ball, location: 2F 2-2: Strikes out swinging
|
|
Batting: LHB Leo Gomez
|
0-0: Ball 1-0: Swinging Strike 1-1: Swinging Strike 1-2: Strikes out swinging
|
|
Batting: RHB Andy Bachman
|
0-0: Ball 1-0: Swinging Strike 1-1: Called Strike 1-2: Foul Ball, location: 2F 1-2: Ball 2-2: Strikes out swinging
|
| Top of the 3rd over - 0 runs, 0 hits, 0 errors, 0 left on base; Dayton 1 - Kane County 0 |
| BOTTOM OF THE 3RD |
|
Kane County Cougars batting - Pitching for Dayton Dragons : LHP Juan Garcia
|
|
Batting: RHB Ernesto Zamora
|
0-0: Ground out 6-3 (Groundball, 56, EV 104.4 MPH)
|
|
Batting: LHB Jeff Trapp
|
0-0: Called Strike 0-1: Bunt for hit to 13S - play at first, batter OUT! 1-3
|
|
Batting: RHB Francisco Gutierrez
|
0-0: Ball 1-0: Ball 2-0: TRIPLE (Flyball, 9LD, EV 109.4 MPH)
|
|
Batting: SHB Blaine Peters
|
0-0: Called Strike 0-1: Ball 1-1: Called Strike 1-2: Ball 2-2: Ball 3-2: Ground out 6-3 (Groundball, 6, EV 82.5 MPH)
|
| Bottom of the 3rd over - 0 runs, 1 hit, 0 errors, 1 left on base; Dayton 1 - Kane County 0 |
| TOP OF THE 4TH |
|
Dayton Dragons batting - Pitching for Kane County Cougars : RHP Jai-guo Xia
|
|
Batting: RHB Mark Williams
|
0-0: Called Strike 0-1: Swinging Strike 0-2: Foul Ball, location: 2F 0-2: Foul Ball, location: 2F 0-2: Strikes out swinging
|
|
Batting: RHB Chris Zamora
|
0-0: Ball 1-0: Foul Ball, location: 2F 1-1: Called Strike 1-2: Ball 2-2: Ball 3-2: Strikes out looking
|
|
Batting: LHB Ray Walden
|
0-0: Called Strike 0-1: Foul Ball, location: 2F 0-2: Foul Ball, location: 2F 0-2: Foul Ball, location: 2F 0-2: Foul Ball, location: 2F 0-2: Ball 1-2: Ball 2-2: Foul Ball, location: 2F 2-2: Ground out U3 (Groundball, 3, EV 103.1 MPH)
|
| Top of the 4th over - 0 runs, 0 hits, 0 errors, 0 left on base; Dayton 1 - Kane County 0 |
| BOTTOM OF THE 4TH |
|
Kane County Cougars batting - Pitching for Dayton Dragons : LHP Juan Garcia
|
|
Batting: LHB J.P. Olson
|
0-0: DOUBLE (Line Drive, 78D, EV 100.0 MPH)
|
|
Batting: RHB Chad Mendoza
|
0-0: Ball 1-0: Ball 2-0: Called Strike 2-1: Foul Ball, location: 2F 2-2: SINGLE (Groundball, 6D, EV 101.9 MPH) J.P. Olson to third Runner from 3rd tries for Home, SAFE, throw by LF to home
|
|
Batting: RHB Longfellow Wetzler
|
0-0: Fly out, F6 (Line Drive, 6, EV 70.0 MPH)
|
|
Batting: RHB D.J. Cooke
|
0-0: Called Strike 0-1: Foul Ball, location: 2F 0-2: Ball 1-2: Strikes out swinging
|
|
Batting: RHB Dustin Legault
|
0-0: Called Strike 0-1: Ball 1-1: Foul Ball, location: 2F 1-2: Foul Ball, location: 2F 1-2: Foul Ball, location: 2F 1-2: Strikes out swinging
|
| Bottom of the 4th over - 1 run, 2 hits, 0 errors, 1 left on base; Dayton 1 - Kane County 1 |
| TOP OF THE 5TH |
|
Dayton Dragons batting - Pitching for Kane County Cougars : RHP Jai-guo Xia
|
|
Batting: RHB Juan Zamora
|
0-0: Called Strike 0-1: Called Strike 0-2: Ball 1-2: Foul Ball, location: 2F 1-2: Ground out 5-3 (Groundball, 5, EV 93.1 MPH)
|
|
Batting: RHB Ernie Maldonado
|
0-0: Ball 1-0: Ball 2-0: Ball 3-0: Called Strike 3-1: Swinging Strike 3-2: Strikes out swinging, 2-3 out at first.
|
|
Batting: LHB Gabe Morales
|
0-0: Called Strike 0-1: Foul Ball, location: 2F 0-2: Ball 1-2: Ball 2-2: Foul Ball, location: 2F 2-2: Strikes out looking
|
| Top of the 5th over - 0 runs, 0 hits, 0 errors, 0 left on base; Dayton 1 - Kane County 1 |
| BOTTOM OF THE 5TH |
|
Kane County Cougars batting - Pitching for Dayton Dragons : LHP Juan Garcia
|
|
Batting: RHB Ernesto Zamora
|
0-0: Called Strike 0-1: Called Strike 0-2: Ball 1-2: Foul Ball, location: 2F 1-2: Ball 2-2: Strikes out swinging
|
|
Batting: LHB Jeff Trapp
|
0-0: Ball 1-0: Called Strike 1-1: Ball 2-1: Swinging Strike 2-2: Ball 3-2: Base on Balls
|
|
Batting: RHB Francisco Gutierrez
|
0-0: Called Strike 0-1: Called Strike 0-2: Foul Ball, location: 2F 0-2: Ball 1-2: Ball 2-2: Foul Ball, location: 2F 2-2: Fielders Choice at 2nd, 4-6 (Groundball, 4, EV 95.0 MPH)
|
|
Batting: SHB Blaine Peters
|
0-0: Called Strike 0-1: SINGLE (Groundball, 5S, EV 67.5 MPH) (infield hit) Francisco Gutierrez to second
|
|
Batting: LHB J.P. Olson
|
0-0: Ball 1-0: Ball 2-0: Ball 3-0: Called Strike 3-1: Swinging Strike 3-2: Foul Ball, location: 2F 3-2: Strikes out swinging
|
| Bottom of the 5th over - 0 runs, 1 hit, 0 errors, 2 left on base; Dayton 1 - Kane County 1 |
| TOP OF THE 6TH |
|
Dayton Dragons batting - Pitching for Kane County Cougars : RHP Jai-guo Xia
|
|
Batting: LHB Matt Kennedy
|
0-0: Called Strike 0-1: SINGLE (Groundball, 34D, EV 103.8 MPH)
|
|
Batting: LHB Leo Gomez
|
0-0: Called Strike 0-1: Ball 1-1: Ball Matt Kennedy steals 2nd base 2-1: Foul Ball, location: 2F 2-2: Foul Ball, location: 2F 2-2: Foul Ball, location: 2F 2-2: Ball 3-2: Base on Balls
|
|
Pitching: RHP John Petersen
|
|
|
Batting: RHB Andy Bachman
|
0-0: Grounds into double play, 6-4-3 (Groundball, 6, EV 86.9 MPH) Matt Kennedy to third
|
|
Batting: RHB Mark Williams
|
0-0: Called Strike 0-1: Ball 1-1: Swinging Strike 1-2: Ball 2-2: Foul Ball, location: 2F 2-2: Foul Ball, location: 2F 2-2: Strikes out swinging
|
| Top of the 6th over - 0 runs, 1 hit, 0 errors, 1 left on base; Dayton 1 - Kane County 1 |
| BOTTOM OF THE 6TH |
|
Kane County Cougars batting - Pitching for Dayton Dragons : LHP Juan Garcia
|
|
Batting: RHB Chad Mendoza
|
0-0: Foul Ball, location: 2F 0-1: Called Strike 0-2: Foul Ball, location: 2F 0-2: Hit by Pitch
|
|
Batting: RHB Longfellow Wetzler
|
0-0: Foul Ball, location: 2F 0-1: Hit by Pitch Chad Mendoza to second
|
|
Batting: RHB D.J. Cooke
|
0-0: Foul Ball, location: 2F 0-1: Ball 1-1: Foul Ball, location: 2F 1-2: Strikes out looking
|
|
Batting: RHB Dustin Legault
|
0-0: Foul Ball, location: 2F 0-1: Ball 1-1: Ball 2-1: Called Strike 2-2: Ball 3-2: Foul Ball, location: 2F 3-2: Strikes out looking
|
|
Batting: RHB Ernesto Zamora
|
0-0: Ball 1-0: Fielders Choice at 2nd, 6-4 (Groundball, 56, EV 100.6 MPH)
|
| Bottom of the 6th over - 0 runs, 0 hits, 0 errors, 2 left on base; Dayton 1 - Kane County 1 |
| TOP OF THE 7TH |
|
Dayton Dragons batting - Pitching for Kane County Cougars : RHP John Petersen
|
|
Batting: RHB Chris Zamora
|
0-0: Ball 1-0: Ball 2-0: Fly out, F7 (Line Drive, 78D, EV 100.0 MPH)
|
|
Batting: LHB Ray Walden
|
0-0: Foul Ball, location: 2F 0-1: Called Strike 0-2: Ball 1-2: Strikes out looking
|
|
Batting: RHB Juan Zamora
|
0-0: Ball 1-0: Called Strike 1-1: Ball 2-1: Ball 3-1: Base on Balls
|
|
Batting: RHB Ernie Maldonado
|
0-0: Ball 1-0: Called Strike Juan Zamora is caught stealing 2nd base 2-4
|
| Top of the 7th over - 0 runs, 0 hits, 0 errors, 0 left on base; Dayton 1 - Kane County 1 |
| BOTTOM OF THE 7TH |
|
Kane County Cougars batting - Pitching for Dayton Dragons : LHP Juan Garcia
|
|
Pitching: RHP Brian Trejo
|
|
|
Batting: LHB Jeff Trapp
|
0-0: Called Strike 0-1: Ball 1-1: Called Strike 1-2: Ground out 6-3 (Groundball, 6, EV 86.9 MPH)
|
|
Batting: RHB Francisco Gutierrez
|
0-0: Called Strike 0-1: Ball 1-1: Foul Ball, location: 2F 1-2: Ball 2-2: Strikes out looking
|
|
Batting: SHB Blaine Peters
|
0-0: Ball 1-0: DOUBLE (Line Drive, 89D, EV 103.8 MPH)
|
|
Batting: LHB J.P. Olson
|
0-0: Called Strike 0-1: Foul Ball, location: 2F 0-2: Ball 1-2: Ground out U3 (Groundball, 3, EV 80.0 MPH)
|
| Bottom of the 7th over - 0 runs, 1 hit, 0 errors, 1 left on base; Dayton 1 - Kane County 1 |
| TOP OF THE 8TH |
|
Dayton Dragons batting - Pitching for Kane County Cougars : RHP John Petersen
|
|
Pitching: RHP Sam Lewis
|
|
|
Batting: RHB Ernie Maldonado
|
0-0: Foul Ball, location: 2F 0-1: Ball 1-1: Swinging Strike 1-2: Fly out, F8 (Flyball, 8LM, EV 95.0 MPH)
|
|
Pinch Hitting: LHB Jeremy Robertson
|
0-0: Ball 1-0: Ball 2-0: Called Strike 2-1: Fly out, F1 (Line Drive, P, EV 55.0 MPH)
|
|
Batting: LHB Matt Kennedy
|
0-0: Called Strike 0-1: Ball 1-1: Ball 2-1: Ball 3-1: Fly out, F5 (Line Drive, 5, EV 70.6 MPH)
|
| Top of the 8th over - 0 runs, 0 hits, 0 errors, 0 left on base; Dayton 1 - Kane County 1 |
| BOTTOM OF THE 8TH |
|
Kane County Cougars batting - Pitching for Dayton Dragons : RHP Brian Trejo
|
|
Pitching: RHP Jose Marrero
|
|
|
Now in LF: Chris Redhead
|
|
|
Now in CF: Leo Gomez
|
|
|
Batting: RHB Chad Mendoza
|
0-0: Called Strike 0-1: Ball 1-1: Ball 2-1: Foul Ball, location: 2F 2-2: SINGLE (Groundball, 6MD, EV 94.4 MPH)
|
|
Batting: RHB Longfellow Wetzler
|
0-0: Foul Ball, location: 2F 0-1: Ball 1-1: Swinging Strike 1-2: Strikes out swinging
|
|
Batting: RHB D.J. Cooke
|
0-0: Ball 1-0: Called Strike 1-1: Called Strike 1-2: Fielders Choice at 2nd, 6-4 (Groundball, 6, EV 104.4 MPH)
|
|
Batting: RHB Dustin Legault
|
0-0: Called Strike D.J. Cooke steals 2nd base 0-1: Reached on error, E8 (Flyball, 89D, EV 78.8 MPH) D.J. Cooke scores
|
|
Pinch Hitting: SHB John Cummings
|
0-0: Ball 1-0: Foul Ball, location: 2F 1-1: Fly out, F8 (Flyball, 89D, EV 88.8 MPH)
|
| Bottom of the 8th over - 1 run, 1 hit, 1 error, 1 left on base; Dayton 1 - Kane County 2 |
| TOP OF THE 9TH |
|
Dayton Dragons batting - Pitching for Kane County Cougars : RHP Sam Lewis
|
|
Pitching: LHP Josh Hubbard
|
|
|
Now at SS: Gary Hills
|
|
|
Batting: LHB Leo Gomez
|
0-0: Fly out, F5 (Popup, 5F, EV 73.8 MPH)
|
|
Batting: RHB Andy Bachman
|
0-0: Ball 1-0: Foul Ball, location: 2F 1-1: Ball 2-1: Ball 3-1: Base on Balls
|
|
Batting: RHB Mark Williams
|
0-0: Called Strike 0-1: Ball 1-1: Swinging Strike 1-2: SINGLE (Groundball, 6MD, EV 95.6 MPH) Andy Bachman to second Runner from 2nd tries for 3rd, SAFE, no throw by CF
|
|
Batting: RHB Chris Zamora
|
0-0: Foul Ball, location: 2F 0-1: Ball 1-1: Ball 2-1: Ball 3-1: Base on Balls Mark Williams to second
|
|
Pinch Hitting: RHB Aaron Barraza
|
0-0: Ball 1-0: Fly out, F9 (Line Drive, 89S, EV 95.6 MPH)
|
|
Batting: RHB Juan Zamora
|
0-0: Called Strike 0-1: Ball 1-1: SINGLE (Line Drive, 9LS, EV 105.0 MPH) Andy Bachman scores Mark Williams to third Chris Zamora to second Runner from 3rd tries for Home, SAFE, throw by RF to home
|
|
Pinch Runner at 2nd Jake Savell:
|
|
|
Batting: RHB Ernie Maldonado
|
0-0: Ball 1-0: Ball 2-0: Ball 3-0: Called Strike 3-1: Base on Balls Jake Savell to third Juan Zamora to second
|
|
Pinch Hitting: RHB Travis Petrick
|
0-0: Called Strike 0-1: Called Strike 0-2: Ball 1-2: Ball 2-2: Ball 3-2: Foul Ball, location: 2F 3-2: Base on Balls Jake Savell scores Juan Zamora to third Ernie Maldonado to second
|
|
Batting: LHB Matt Kennedy
|
0-0: Fly out, F9 (Flyball, 9S, EV 93.1 MPH)
|
| Top of the 9th over - 3 runs, 2 hits, 0 errors, 3 left on base; Dayton 4 - Kane County 2 |
| BOTTOM OF THE 9TH |
|
Kane County Cougars batting - Pitching for Dayton Dragons : RHP Jose Marrero
|
|
Pitching: RHP Juan Hernandez
|
|
|
Now at 1B: Jake Savell
|
|
|
Now at 2B: Yutaka Sato
|
|
|
Now at 3B: Al Blanchard
|
|
|
Now at SS: Juan Zamora
|
|
|
Now in LF: Matt Kennedy
|
|
|
Now in RF: Tim Kirk
|
|
|
Batting: LHB Jeff Trapp
|
0-0: Ball 1-0: Ball 2-0: Called Strike 2-1: Swinging Strike 2-2: Foul Ball, location: 2F 2-2: Foul Ball, location: 2F 2-2: Ball 3-2: Base on Balls
|
|
Batting: RHB Francisco Gutierrez
|
0-0: Ball 1-0: Called Strike 1-1: Ball 2-1: Called Strike 2-2: Ball 3-2: Strikes out swinging
|
|
Batting: SHB Blaine Peters
|
0-0: Fly out, F7 (Flyball, 7, EV 97.5 MPH)
|
|
Batting: LHB J.P. Olson
|
0-0: Called Strike 0-1: Called Strike 0-2: Strikes out swinging
|
| Bottom of the 9th over - 0 runs, 0 hits, 0 errors, 1 left on base; Dayton 4 - Kane County 2 |
|